 Dungeon Crawl Stone Soup version 0.24.0-1-gfbc8707 (webtiles) character file.

Game seed: 10660203852319779729, levelgen mode: deterministic

54 PolloIta the Firebug (level 3, -1/26 HPs)
             Began as a Draconian Fire Elementalist on Dec 1, 2019.
             Slain by a goblin
             ... wielding a +0 club
              (4 damage)
             ... on level 2 of the Dungeon.
             The game lasted 00:06:03 (1399 turns).

PolloIta the Firebug (Draconian Fire Elementalist)  Turns: 1399, Time: 00:06:06

Health: -1/26      AC:  5    Str: 10    XL:     3   Next: 66%
Magic:  2/6        EV: 12    Int: 16    God:
Gold:   60         SH:  0    Dex: 11    Spells: 6/7 levels left

rFire    . . .     SeeInvis .   i - +0 falchion
rCold    . . .     Gourm    .   (no shield)
rNeg     . . .     Faith    .   (armour unavailable)
rPois    .         Spirit   .   (helmet restricted)
rElec    .         Reflect  .   (no cloak)
rCorr    .         Harm     .   (no gloves)
MR       .....                  (no boots)
Stlth    ++........             (no amulet)
HPRegen  0.08/turn              (no ring)
MPRegen  0.10/turn              (no ring)

@: lethally poisoned (-1 -> -8)
A: unfitting armour, cold-blooded, AC +5
a: no special abilities


You were on level 2 of the Dungeon.
You were not hungry.

You visited 1 branch of the dungeon, and saw 2 of its levels.

You collected 60 gold pieces.

Inventory:

Hand Weapons
 i - a +0 falchion (weapon)
Scrolls
 c - 2 scrolls of remove curse {unknown}
 e - a scroll of amnesia {unknown}
 g - 2 scrolls of teleportation {unknown}
Potions
 a - a potion of flight {unknown}
 d - a potion of might
 f - a potion of mutation {unknown}
 h - 2 potions of heal wounds {unknown}
Comestibles
 b - 6 rations


   Skills:
 + Level 0.3 Long Blades
 - Level 1.7 Dodging
 - Level 2.1 Stealth
 + Level 2.5 Spellcasting
 + Level 1.3 Conjurations
 + Level 3.9 Fire Magic


You had 6 spell levels left.
You knew the following spells:

 Your Spells              Type           Power        Failure   Level  Hunger
a - Flame Tongue          Conj/Fire      ##...        7%          1    #......

Your spell library contained the following spells:

 Spells                   Type           Power        Failure   Level  Hunger
 Throw Flame              Conj/Fire      ##....       10%         2    ##.....
 Conjure Flame            Conj/Fire      ##......     21%         3    ###....
 Inner Flame              Hex/Fire       #.......     26%         3    ###....
 Sticky Flame             Conj/Fire      ##......     54%         4    #####..
 Fireball                 Conj/Fire      ##........   88%         5    ######.


Dungeon Overview and Level Annotations

Branches:
Dungeon (2/15)

Altars:


Innate Abilities, Weirdness & Mutations

Your plain brown scales are hard. (AC +5)
You cannot fit into any form of body armour.
You are cold-blooded and may be slowed by cold attacks.


Message History

The adder is moderately wounded.
The goblin hits you with a +0 club.
* * * LOW HITPOINT WARNING * * *
The adder bites you.
* * * LOW HITPOINT WARNING * * *
You are lethally poisoned!
The adder poisons you!
Casting: Flame Tongue (safe; 7% risk of failure)
Confirm with . or Enter, or press ? or * to list all spells.
Aiming: Flame Tongue (safe; 7% risk of failure)
Press: ? - help, Shift-Dir - straight line, f/p - adder
Aim: an adder (moderately wounded)
The flame tongue hits the adder.
The adder is almost dead.
* * * LOW HITPOINT WARNING * * *
You feel sick. The adder closely misses you.
You riposte.
You barely miss the adder.
The adder is almost dead.
The goblin hits you with a +0 club.
You die...

#...#†#'## ## ### #.#.##
####...#.#.###...#..
.....#.#...
.......'............
.........##
####...#.#.###...#..
.......#.##
#...#.#.#######.##########..#
#...#.#.......#.......# ##.#
#...#.#######.#.......# #.#
#####.#######.#$......#####..
.......g@S$.(......).....
#.##...##(#.########...#.
#....'†.#g# #...##
......##.... ######### .....
...... #......## .... #......
#......## ...
#.......#........ #
#########........
#............


You could see an adder and a goblin.

Vanquished Creatures
  An adder (D:2)
  2 dart slugs (D:1)
  A leopard gecko (D:2)
  A ball python (D:2)
  6 bats
  A giant cockroach (D:2)
  4 goblins
  6 hobgoblins
  3 jackals (D:1)
  2 frilled lizards
  5 kobolds
  3 rats
35 creatures vanquished.

Notes
Turn   | Place    | Note
-------+----------+-------------------------------------------
     0 | D:1      | PolloIta the Draconian Fire Elementalist began the quest
                  | for the Orb.
     0 | D:1      | Reached XP level 1. HP: 14/14 MP: 3/3
   356 | D:1      | Reached XP level 2. HP: 20/20 MP: 1/5
   927 | D:2      | Reached XP level 3. HP: 18/26 MP: 4/6
  1399 | D:2      | Slain by a goblin

Levels and vault maps discovered:
D:1:      dpeg_arrival_tiny_d, layout_rooms, due_unseen_surprise
D:2:      layout_basic

Skill      XL: |  1 |
---------------+----+-----
Stealth        | 2 |  2.1
Long Blades    | |  0.3
Dodging        | |  1.7
Spellcasting   | |  2.5
Conjurations   | |  1.3
Fire Magic     | |  3.9

Action                   || total
-------------------------++-------
Melee: Unarmed           ||    71
       Tailslap          ||     8
       Falchion          ||    21
 Cast: Flame Tongue      ||    37
 Stab: Sleeping          ||     2
       Distracted        ||     1
  Eat: Chunk             ||     2
Armor: Skin              ||    43
Dodge: Dodged            ||    97
       Rpst.: Falchion   ||    10
